 Dungeon Crawl Stone Soup version 0.30-a0-1018-g25214051b3 (webtiles) character file.

Game seed: 12335351871375000366

756761 SingularityParadox the Armataur Barricade (level 27, -18/228 (278) HPs)
             Began as an Armataur Fighter on Apr 8, 2023.
             Was a High Priest of Qazlal.
             Killed from afar by a hellion (33 damage)
             ... with damnation
             ... on level 6 of Gehenna.
             The game lasted 02:33:29 (58836 turns).

SingularityParadox the Armataur Barricade (AtFi)   Turns: 58836, Time: 02:33:30

HP:   -18/228 (278) AC: 42    Str: 30 (36) XL:     27
MP:   35/35         EV: 18    Int:  9      God:    Qazlal [*****.]
Gold: 7949          SH: 37    Dex: 27 (32) Spells: 26/26 levels left

rFire   + + .      SeeInvis +    l - +9 war axe "Egur" {heavy, rElec Dex+2}
rCold   + + .      Faith    .    L - +5 kite shield {AC+3}
rNeg    + + +      Spirit   .    e - +1 gold dragon scales
rPois   +          Reflect  +    (no helmet)
rElec   +          Roll     +    T - +0 cloak of the Untouchables {Dex+7 SInv}
rCorr   .          Harm     + .  a - +1 pair of gloves of Trial and Error {rN+++ Will+ Int-4 Dex+5}
Will    +++..                    F - +0 barding of Valour {Harm +Inv rElec Regen+} Stlth
                                 W - amulet of Wuuczup {Reflect rC+ Regen+ Str+3 SH+5}
HPRegen 2.18/turn                x - ring of protection from fire
MPRegen 0.24/turn                m - ring "Zumnekha" {EV+5 Str+2 Dex+6}

@: studying Invocations, heavily drained, repel missiles, unable to read
A: large, rugged brown scales 3, deformed body, armoured tail, roll, long
tongue, awkward tongue, iridescent scales 1, clever 1, deterioration 1,
screaming 1, wild magic 1
}: 5/15 runes: decaying, serpentine, slimy, silver, abyssal
a: Renounce Religion, Evoke Invisibility, Upheaval, Elemental Force, Disaster
Area


You were on level 6 of Gehenna.
You worshipped Qazlal.
Qazlal was extremely pleased with you.
You visited 15 branches of the dungeon, and saw 60 of its levels.
You visited the Abyss 2 times.
You visited 1 ziggurat, and saw 14 of its levels.
You also visited: Bailey, Gauntlet and Ice Cave.

You collected 9197 gold pieces.
You spent 1248 gold pieces at shops.

Inventory:

Hand Weapons
 i - the +3 hand axe "Jatriuva" {flame, Will++}
   (You found it on level 2 of the Dungeon)

   Will:      It greatly increases your willpower.
 l - the +9 war axe "Egur" (weapon) {heavy, rElec Dex+2}
   (You found it on level 7 of a ziggurat)

   Dex:       It affects your dexterity (+2).
   rElec:     It insulates you from electricity.
 t - a +9 broad axe of electrocution
Missiles
 V - a throwing net
Armour
 a - the +1 pair of gloves of Trial and Error (worn) {rN+++ Will+ Int-4 Dex+5}
   (You acquired it in a Gauntlet)

   Int:       It affects your intelligence (-4).
   Dex:       It affects your dexterity (+5).
   rN:        It renders you almost immune to negative energy.
   Will:      It increases your willpower.
 e - +1 gold dragon scales (worn)
 f - the +6 swamp dragon scales of Lachrymose Creativity {rPois rF+ Will+ Dex-5}
   (You found it on level 5 of the Vaults)

   Dex:       It affects your dexterity (-5).
   rF:        It protects you from fire.
   rPois:     It protects you from poison.
   Will:      It increases your willpower.
 F - the +0 barding of Valour (worn) {Harm +Inv rElec Regen+}
   (You acquired it in a bailey)

   rElec:     It insulates you from electricity.
   +Inv:      It lets you turn invisible.
   Regen:     It increases your rate of health regeneration.
   Harm:      It increases damage dealt and taken.
 L - a +5 kite shield of protection (worn)
 T - the +0 cloak of the Untouchables (worn) {Dex+7 SInv}
   (You found it on level 5 of the Lair of Beasts)

   Dex:       It affects your dexterity (+7).
   SInv:      It lets you see invisible.
Jewellery
 m - the ring "Zumnekha" (right hand) {EV+5 Str+2 Dex+6}
   (You found it on level 14 of the Dungeon)

   [ring of evasion]

   EV:        It affects your evasion (+5).
   Str:       It affects your strength (+2).
   Dex:       It affects your dexterity (+6).
 o - a ring of protection from fire
 w - the ring "Itozanli" {rElec Dex+6 Slay+2}
   (You found it on level 5 of the Pits of Slime)

   [ring of dexterity]

   Dex:       It affects your dexterity (+6).
   Slay:      It affects your accuracy & damage with ranged weapons and melee
   (+2).
   rElec:     It insulates you from electricity.
 x - a ring of protection from fire (left hand)
 E - the ring "Jomur" {rElec EV+5 Dex+5}
   (You took it off a minotaur in a Gauntlet)

   [ring of evasion]

   EV:        It affects your evasion (+5).
   Dex:       It affects your dexterity (+5).
   rElec:     It insulates you from electricity.
 W - the amulet of Wuuczup (around neck) {Reflect rC+ Regen+ Str+3 SH+5}
   (You found it on level 12 of a ziggurat)

   [amulet of reflection]

   It reflects blocked missile attacks.
   Str:       It affects your strength (+3).
   rC:        It protects you from cold.
   Regen:     It increases your rate of health regeneration.
   SH:        It affects your SH (+5).
Wands
 u - a wand of roots (15) (quivered)
 y - a wand of digging (18)
 C - a wand of polymorph (7)
 D - a wand of quicksilver (6)
 J - a wand of mindburst (9)
 U - a wand of flame (20)
 Y - a wand of paralysis (19)
Scrolls
 b - 11 scrolls of magic mapping
 n - 9 scrolls of fear
 p - 6 scrolls of fog
 O - a scroll of amnesia
 P - 26 scrolls of teleportation
 S - 30 scrolls of identify
 Z - 6 scrolls of poison
Potions
 c - 2 potions of berserk rage
 d - 13 potions of might
 g - 6 potions of cancellation
 h - 34 potions of curing
 j - 9 potions of lignification
 q - 10 potions of brilliance
 s - 9 potions of haste
 v - 5 potions of resistance
 B - 7 potions of flight
 G - 3 potions of magic
 H - 3 potions of invisibility
 K - 12 potions of attraction
 M - 2 potions of ambrosia
Miscellaneous
 k - a lightning rod (4/4)
 r - the horn of Geryon
 Q - a lightning rod (4/4)
 R - a box of beasts


   Skills:
 * Level 23.7 Fighting
 + Level 18.8 Axes
 + Level 2.8(13.6) Maces & Flails
 * Level 25.4 Armour
 * Level 14.5 Dodging
 + Level 6.3 Stealth
 O Level 27 Shields
 + Level 17.0 Invocations


You had 26 spell levels left.
You didn't know any spells.
Your spell library contained the following spells:

 Spells                   Type           Power      Damage    Failure   Level
 Apportation              Tloc           0%         N/A       96%         1
 Beastly Appendage        Tmut           0%         N/A       96%         1
 Foxfire                  Conj/Fire      0%         2x1d4     96%         1
 Freeze                   Ice            0%         1d3       96%         1
 Kiss of Death            Conj/Necr      0%         2d5       96%         1
 Magic Dart               Conj           0%         1d3       96%         1
 Shock                    Conj/Air       0%         1d3       96%         1
 Sting                    Tmut/Pois      0%         1d3       96%         1
 Summon Small Mammal      Summ           0%         N/A       96%         1
 Blink                    Tloc           0%         N/A       99%         2
 Call Imp                 Summ           0%         N/A       99%         2
 Cigotuvi's Dreadful Rot  Necr/Pois/Air  0%         N/A       99%         2
 Ensorcelled Hibernation  Hex/Ice        0%         N/A       99%         2
 Momentum Strike          Conj/Tloc      0%         3d8       99%         2
 Passwall                 Tmut/Erth      0%         N/A       99%         2
 Poisonous Vapours        Pois/Air       0%         N/A       99%         2
 Scorch                   Fire           0%         2d5       99%         2
 Static Discharge         Conj/Air       0%         2-2/arc   99%         2
 Sublimation of Blood     Necr           0%         N/A       99%         2
 Wereblood                Tmut           0%         N/A       99%         2
 Call Canine Familiar     Summ           0%         N/A       100%        3
 Confusing Touch          Hex            0%         N/A       100%        3
 Dazzling Flash           Conj/Hex       0%         N/A       100%        3
 Frozen Ramparts          Ice            0%         1d1       100%        3
 Gell's Gravitas          Tloc           0%         N/A       100%        3
 Hailstorm                Conj/Ice       0%         3d3       100%        3
 Ignite Poison            Fire/Tmut/Pois 0%         N/A       100%        3
 Inner Flame              Hex/Fire       0%         N/A       100%        3
 Mephitic Cloud           Conj/Pois/Air  0%         N/A       100%        3
 Ozocubu's Armour         Ice            0%         N/A       100%        3
 Portal Projectile        Hex/Tloc       0%         N/A       100%        3
 Spider Form              Tmut/Pois      0%         N/A       100%        3
 Stone Arrow              Conj/Erth      0%         3d7       100%        3
 Summon Guardian Golem    Hex/Summ       0%         N/A       100%        3
 Swiftness                Air            0%         N/A       100%        3
 Teleport Other           Tloc           0%         N/A       100%        3
 Tukima's Dance           Hex            0%         N/A       100%        3
 Vhi's Electric Charge    Tloc/Air       0%         N/A       100%        3
 Volatile Blastmotes      Fire/Tloc      0%         2d10      100%        3
 Airstrike                Air            0%         2d(0-16)  100%        4
 Anguish                  Hex/Necr       0%         N/A       100%        4
 Animate Armour           Summ/Erth      0%         N/A       100%        4
 Animate Dead             Necr           0%         N/A       100%        4
 Dispel Undead            Necr           0%         3d6       100%        4
 Flame Wave               Conj/Fire      0%         2d4       100%        4
 Fulminant Prism          Conj/Hex       0%         3d5       100%        4
 Ice Form                 Ice/Tmut       0%         N/A       100%        4
 Iskenderun's Mystic Bla  Conj/Tloc      0%         2d3       100%        4
 Manifold Assault         Tloc           0%         N/A       100%        4
 Olgreb's Toxic Radiance  Pois           0%         N/A       100%        4
 Passage of Golubria      Tloc           0%         N/A       100%        4
 Sticky Flame             Conj/Fire      0%         2d3       100%        4
 Summon Ice Beast         Ice/Summ       0%         N/A       100%        4
 Summon Lightning Spire   Summ/Air       0%         N/A       100%        4
 Agony                    Necr           0%         N/A       100%        5
 Alistair's Intoxication  Tmut/Pois      0%         N/A       100%        5
 Arcjolt                  Conj/Air       0%         1d10      100%        5
 Blade Hands              Tmut           0%         N/A       100%        5
 Borgnjor's Vile Clutch   Necr/Erth      0%         N/A       100%        5
 Fireball                 Conj/Fire      0%         3d3       100%        5
 Freezing Cloud           Conj/Ice/Air   0%         6-21      100%        5
 Irradiate                Conj/Tmut      0%         3d11      100%        5
 Iskenderun's Battlesphe  Conj           0%         2d6       100%        5
 Lee's Rapid Deconstruct  Erth           0%         3d4*      100%        5
 Silence                  Hex/Air        0%         N/A       100%        5
 Summon Forest            Summ/Tloc      0%         N/A       100%        5
 Summon Mana Viper        Hex/Summ       0%         N/A       100%        5
 Yara's Violent Unravell  Hex/Tmut       0%         3d3       100%        5
 Conjure Ball Lightning   Conj/Air       0%         3x3d6     100%        6
 Death Channel            Necr           0%         N/A       100%        6
 Dispersal                Tloc           0%         N/A       100%        6
 Eringya's Noxious Bog    Tmut/Pois      0%         N/A       100%        6
 Iron Shot                Conj/Erth      0%         9d1       100%        6
 Plasma Beam              Fire/Air       0%         2x1d11    100%        6
 Simulacrum               Ice/Necr       0%         N/A       100%        6
 Starburst                Conj/Fire      0%         6d3       100%        6
 Statue Form              Tmut/Erth      0%         N/A       100%        6
 Summon Cactus Giant      Summ           0%         N/A       100%        6
 Dragon Form              Tmut           0%         N/A       100%        7
 Enfeeble                 Hex            0%         N/A       100%        7
 Haunt                    Necr/Summ      0%         N/A       100%        7
 Orb of Destruction       Conj           0%         9d5       100%        7
 Ozocubu's Refrigeration  Ice            0%         4d7       100%        7
 Storm Form               Tmut/Air       0%         N/A       100%        7
 Summon Hydra             Summ           0%         N/A       100%        7
 Borgnjor's Revivificati  Necr           0%         N/A       100%        8
 Discord                  Hex            0%         N/A       100%        8
 Disjunction              Tloc           0%         N/A       100%        8
 Ignition                 Fire           0%         3d3       100%        8
 Infestation              Necr           0%         N/A       100%        8
 Lehudib's Crystal Spear  Conj/Erth      0%         10d2      100%        8
 Maxwell's Capacitive Co  Air            0%         ∞         100%        8
 Necromutation            Tmut/Necr      0%         N/A       100%        8
 Death's Door             Necr           0%         N/A       100%        9
 Polar Vortex             Ice            0%         N/A       100%        9


Dungeon Overview and Level Annotations

Branches:
Dungeon (15/15)            Temple (1/1) D:5            Lair (5/5) D:11
  Swamp (4/4) Lair:2        Snake (4/4) Lair:2        Slime (5/5) Lair:5
    Orc (2/2) D:11            Elf (3/3) Orc:2        Vaults (5/5) D:13
  Crypt (3/3) Vaults:2       Tomb (1/3) Crypt:3      Depths (4/4) D:15
   Hell (visited)             Dis (0/7) Hell            Geh (6/7) Hell
    Coc (0/7) Hell            Tar (1/7) Hell            Zot (0/5) Depths:4
 Bailey (visited)           IceCv (visited)         Gauntlet (visited)

Altars:
Ashenzari
Cheibriados
Dithmenos
Elyvilon
Fedhas
Gozag
Hepliaklqana
Kikubaaqudgha
Makhleb
Nemelex Xobeh
Okawaru
Qazlal
Ru
Sif Muna
Trog
Uskayaw
Vehumet
Wu Jian
Xom
Yredelemnul
Zin
The Shining One
Jiyva
Lugonu

Shops:
D:8 =   Orc:1 (   Orc:2 !:!   Elf:1 :=:   Snake:3 *   Vaults:1 *   Vaults:4 [

Portals:
Hell: Depths:1 Depths:2 Depths:3 Depths:4
Abyss: Depths:1 Depths:3 Depths:4
Pandemonium: Depths:1 Depths:2 Depths:3
Trove: D:10 (give +5 fire dragon scales)

Annotations:
D:8 1 runed translucent door, jcs112's ghost, novice HOFi
D:11 2 runed translucent doors
Lair:2 3 runed translucent doors, voltaire321's ghost, journeyman GrEE
Depths:3 2 transporters


Innate Abilities, Weirdness & Mutations

You are completely covered in rugged brown scales. (AC +3, +7% HP)
Armour fits poorly on your strangely shaped body.
You have a long armoured tail.
You roll when moving toward enemies. (Rampage)
Your long tongue fully drains potion bottles. (2x potion effects)
Your tongue gives you trouble enunciating. (1.5x scroll delay)
You are partially covered in iridescent scales. (AC +2)
Your mind is acute. (Int +4, Str/Dex -1)
Your body sometimes deteriorates upon taking damage.
You occasionally shout uncontrollably at your foes.
Your spells are a little harder to cast, but a little more powerful.


Message History

The hellion gestures at you.
The sphere of damnation explodes!
The damnation engulfs you!!
The damnation engulfs the Brimstone Fiend.
The Brimstone Fiend completely resists.
You block the Brimstone Fiend's attack. The Brimstone Fiend misses you.
You block the Brimstone Fiend's attack.
There is an open door here.
Aiming: Upheaval
Press: ? - help, Dir - move target, f - fire vortex
Aim: a fire vortex
Okay, then.
You carve the Brimstone Fiend like a ham!!!
You tail-slap the Brimstone Fiend, but do no damage.
The Brimstone Fiend is almost dead.
The hellion gestures at you.
The sphere of damnation explodes!
The damnation engulfs you!!
* * * LOW HITPOINT WARNING * * *
The damnation engulfs the Brimstone Fiend.
The Brimstone Fiend completely resists.
The Brimstone Fiend roars!
You block the Brimstone Fiend's attack.
The Brimstone Fiend hits you but does no damage.
The Brimstone Fiend barely misses you. The hellion gestures at you.
The sphere of damnation explodes!
The damnation engulfs you!!
* * * LOW HITPOINT WARNING * * *
The damnation engulfs the Brimstone Fiend.
The Brimstone Fiend completely resists.
The Brimstone Fiend roars!
You hear an angry squeal. x2
Unknown command.
You feel better.
You slurp down every last drop of the potion of curing!
The hellion gestures at you.
The sphere of damnation explodes!
The damnation engulfs you!!
* * * LOW HITPOINT WARNING * * *
Your body deteriorates!
You feel clumsy.
The damnation engulfs the Brimstone Fiend.
The Brimstone Fiend completely resists.
The hellion gestures at you.
The sphere of damnation explodes!
The damnation engulfs you!!
You die...

###.......≈§§...#'##.######..#
#####^...≈§§..≈........#..##
##...§.§..≈.....§.....##
#..####..≈≈≈≈.≈≈......#
####..#'#§≈§§≈§§§....##
......#≈≈§§§§§§.....#
.....○##.§.§§.§.....#
......1#......§.....#
v....§.@○.§.^.......#
......##§☼.∩^......## ....^
#.###+#......# ###. ###
##.....# 22# ##...## 22 +...#
. #....


You could see a Brimstone Fiend (unaware), 3 hellions, a tormentor and a fire
vortex.

Vanquished Creatures
  the Royal Jelly (Slime:5)
  4 ancient liches
  A dread lich (Crypt:3)
  Mennas (Vaults:4)
  Mara (Swamp:4)
  Sojobo (Vaults:4)
  A royal mummy (Tomb:1)
  A shard shrike (Zig:4)
  Boris (Tomb:1)
  Bai Suzhen (Crypt:3)
  A curse toe (Crypt:3)
  Geryon (Hell)
  3 caustic shrikes
  5 golden dragons
  A bone dragon (Crypt:3)
  6 Brimstone Fiends
  A shard shrike zombie (Crypt:1)
  A walking crystal tome (Depths:2)
  A Hell Sentinel (Zig:8)
  8 hellephants
  4 tentacled monstrosities
  10 liches
  A tainted leviathan (Hell)
  4 deep elf blademasters
  A quicksilver dragon (Vaults:4)
  5 titans (Vaults:5)
  3 deep elf master archers
  21 acid blobs
  A walking earthen tome (Depths:2)
  A walking frostbound tome (Depths:4)
  10 sphinxes
  13 searing wretches
  2 Executioners
  Kirke (Lair:3)
  12 ancient champions
  6 tentacled starspawn
  10 tengu reavers
  3 shadow dragons
  5 storm dragons (Vaults:5)
  4 thorn hunters
  2 draconian monks
  Roxanne (Swamp:1)
  Donald (Snake:1)
  11 rockslimes
  8 azure jellies
  2 revenants
  11 nagarajas
  A nargun (Zig:4)
  A fenstrider witch (Swamp:3)
  2 daevas
  An emperor scorpion (shapeshifter) (D:13)
  14 frost giants
  25 fire giants
  8 deep elf sorcerers
  2 caustic shrike zombies
  2 iron dragons (Hell)
  A draconian knight (Depths:4)
  13 balrugs
  A ghoul (Crypt:1)
  2 quicksilver elementals (Zig:8)
  A draconian scorcher (Abyss:5)
  A ghost moth (Abyss:5)
  Louise (Depths:1)
  2 curse skulls
  A hydra zombie (Swamp:4)
  A juggernaut zombie (Depths:2)
  2 spriggan defenders (Depths:2)
  25 vault wardens
  3 angels
  A draconian stormcaller (Zig:10)
  8 deep elf elementalists (Elf:3)
  16 ironbound preservers
  10 quicksilver oozes
  3 draconian shifters
  8 reapers
  3 orc warlords
  17 stone giants
  20 very ugly things
  6 war gargoyles
  2 caustic shrike skeletons
  An ophan (Abyss:3)
  7 deep elf demonologists
  4 vampire knights
  The ghost of Newt the Carver, a journeyman DsGl of Okawaru (Lair:5)
  3 ironbound thunderhulks
  10 dire elephants
  A red draconian (Depths:4)
  8 eleionomae
  A minotaur (Gauntlet)
  2 bennus (Tomb:1)
  3 bunyips
  10 deep elf annihilators
  3 yellow draconians
  8 eidola
  A white draconian (Depths:4)
  A lorocyproca (Abyss:4)
  2 purple draconians (Depths:4)
  2 blizzard demons (Hell)
  2 mummy priests (Tomb:1)
  5 spark wasps (Depths:2)
  A merfolk impaler (Zig:11)
  11 deep elf death magi
  An iron golem (Zig:8)
  9 ettins
  The ghost of Ideihu the Fighter, a journeyman DjFE of Makhleb (D:13)
  A crystal guardian (Abyss:5)
  14 yaktaur captains
  9 deep elf high priests
  14 jiangshi
  4 merfolk javelineers (Zig:11)
  Josephine (Lair:4)
  2 shambling mangroves (Swamp:4)
  An entropy weaver (Zig:7)
  7 ice dragons
  3 rakshasas
  5 fire dragons
  13 great orbs of eyes
  A quicksilver dragon skeleton (Crypt:3)
  31 vault guards
  9 salamander tyrants
  A hell beast (Depths:1)
  A fenstrider witch skeleton (Crypt:3)
  A juggernaut simulacrum (Abyss:4)
  3 spriggan skeletons
  2 ghost crabs (Swamp:1)
  3 ogre magi
  14 hydras
  A merfolk avatar (Lair:5)
  2 catoblepae
  4 death knights
  A radroach (shapeshifter) (Depths:2)
  22 centaur warriors
  7 spriggan air magi
  20 naga warriors
  5 ironbound frosthearts
  11 alligators
  An anaconda (shapeshifter) (Depths:2)
  2 merfolk aquamancers
  10 two-headed ogres
  9 deep troll shamans
  8 anacondas
  9 boulder beetles
  2 satyrs (Zig:12)
  4 death scarabs (Tomb:1)
  4 tengu warriors
  10 vampire magi
  A death yak (shapeshifter) (Zig:7)
  15 deep troll earth magi
  An alligator (shapeshifter) (Vaults:5)
  An Orb Guardian skeleton (Crypt:1)
  55 hell hogs
  35 dancing weapons
  15 hell knights
  A spriggan berserker (Depths:4)
  2 crystal echidnas (Zig:8)
  20 naga sharpshooters
  3 shock serpents
  12 deep elf knights
  16 death yaks
  12 soul eaters
  A titan zombie (D:15)
  9 orc high priests
  Urug (Lair:2)
  9 thrashing horrors
  4 wretched stars
  Sonja (Lair:1)
  10 sun demons
  A skyshark (shapeshifter) (Vaults:5)
  3 sixfirhies
  41 skeletal warriors
  2 skysharks
  A spatial maelstrom (Abyss:5)
  8 titan skeletons (Crypt:3)
  2 bunyip zombies
  A shadow wraith (Crypt:3)
  9 salamander mystics
  57 deep trolls
  6 spriggan druids
  9 iron trolls
  An iron giant zombie (Crypt:1)
  6 flayed ghosts
  8 sea snakes
  9 goliath frogs
  8 bog bodies
  21 harpies
  10 deep elf archers
  3 glowing orange brains
  24 ironbound convokers
  4 spectral hydras (Swamp:4)
  A bunyip skeleton (Crypt:3)
  9 naga ritualists
  An iron giant skeleton (Crypt:3)
  23 deep elf zephyrmancers
  8 orc knights
  7 wizards
  9 swamp dragons
  15 phantasmal warriors
  Pikel (D:4)
  A sphinx zombie (Depths:2)
  12 lindwurms
  16 mana vipers
  A stone giant zombie (Crypt:1)
  3 fauns (Zig:12)
  13 cyclopes
  3 oklob plants (Swamp:4)
  A broodmother zombie (Crypt:3)
  21 deep elf pyromancers
  5 manticores
  16 necromancers
  A wolf spider zombie (Crypt:2)
  2 orc sorcerers
  2 tengu skeletons
  5 will-o-the-wisps
  9 salamanders
  A sphinx skeleton (Depths:2)
  A shining eye (shapeshifter) (Vaults:4)
  18 large abominations
  A cyclops (shapeshifter) (Depths:1)
  6 draconians (Abyss:5)
  6 elephants
  A centaur zombie (Hell)
  3 worldbinders
  59 ugly things
  15 vault sentinels
  A naga zombie (Hell)
  25 naga magi
  4 shining eyes
  2 stone giant skeletons (Crypt:3)
  2 ice statues (IceCv)
  12 rust devils
  8 smoke demons
  A fire giant skeleton (Crypt:1)
  An orange demon (Abyss:4)
  43 black mambas
  A dire elephant zombie (Crypt:2)
  3 naga skeletons
  A molten gargoyle (Depths:4)
  5 guardian serpents
  A water nymph (Zig:11)
  2 frost giant skeletons
  4 gargoyles
  3 eyes of devastation
  3 torpor snails
  5 hellions
  A centaur skeleton (Crypt:3)
  5 anaconda simulacra
  14 komodo dragons
  14 cane toads
  A dire elephant skeleton (Crypt:3)
  4 kobold demonologists
  3 efreet
  7 freezing wraiths
  5 rime drakes
  A grey draconian zombie (Crypt:1)
  A bunyip simulacrum (Crypt:1)
  9 ice devils
  11 ancient zymes
  44 yaktaurs
  7 guardian mummies
  An orb spider zombie (Crypt:3)
  4 tormentors
  A red devil (Depths:1)
  A black draconian skeleton (Crypt:3)
  A minotaur skeleton (Crypt:1)
  3 tengu conjurers
  A queen bee (Gauntlet)
  A harpy zombie (Crypt:1)
  15 merfolk (Zig:11)
  A mana viper skeleton (Crypt:1)
  A queen bee (shapeshifter) (Vaults:5)
  A hornet (shapeshifter) (D:14)
  8 polar bears
  3 trolls
  11 hornets
  3 death drake zombies (Swamp:4)
  7 tyrant leeches
  A raiju (shapeshifter) (Depths:3)
  2 wind drakes (Zig:11)
  Grinder (D:4)
  2 harpy skeletons (Crypt:3)
  24 blink frogs
  A death drake skeleton (Swamp:4)
  A dream sheep (Zig:13)
  11 raiju
  A human skeleton (Vaults:4)
  A meliai zombie (Crypt:3)
  121 slime creatures
  Sigmund (D:4)
  7 flying skulls
  A centaur simulacrum (D:14)
  2 ice dragon zombies (Crypt:1)
  4 shadows
  3 snapping turtles
  5 air elementals
  10 wraiths
  A slime creature zombie (Crypt:3)
  7 spriggans
  An ettin skeleton (Abyss:3)
  2 vampires
  A fire dragon skeleton (Crypt:1)
  8 ynoxinuls
  16 humans (D:13)
  A fire bat (Abyss:3)
  8 water elementals
  5 wyverns
  28 starcursed masses
  22 yaks
  An ushabti (Tomb:1)
  Eustachio (D:5)
  5 hogs
  5 neqoxecs
  2 dire elephant simulacra (IceCv)
  2 basilisks
  3 fire elementals
  2 golden eyes
  A hog (shapeshifter) (D:15)
  A yaktaur simulacrum (Vaults:4)
  4 steam dragons
  A catoblepas simulacrum (Hell)
  3 chaos spawn (Abyss:4)
  A human simulacrum (Vaults:4)
  5 harpy simulacra
  8 vampire mosquitoes
  Edmund (D:4)
  47 nagas
  20 swamp worms
  6 wargs
  3 acid dragons
  A glowing shapeshifter zombie (Vaults:4)
  16 water moccasins
  A cane toad zombie (Crypt:2)
  2 hydra simulacra (Swamp:4)
  10 small abominations
  4 floating eyes
  6 swamp drakes
  2 ice beasts
  3 black bears (D:6)
  A sky beast (Abyss:3)
  An ettin simulacrum (Hell)
  43 orc warriors
  5 swamp dragon zombies
  A merfolk simulacrum (Hell)
  5 boggarts
  9 centaurs
  10 ogres
  12 wolves
  An elf simulacrum (Vaults:4)
  A manticore skeleton (Crypt:2)
  A phantom (D:4)
  2 kobold brigands
  3 lemures (D:4)
  2 swamp dragon skeletons (Swamp:4)
  A salamander zombie (Crypt:3)
  20 bullfrogs
  8 earth elementals
  4 scorpions
  An elf skeleton (Crypt:1)
  3 two-headed ogre simulacra
  A cane toad simulacrum (Orc:1)
  28 wights
  A naga simulacrum (Crypt:1)
  12 killer bees
  6 troll zombies
  A troll skeleton (Swamp:2)
  3 electric eels
  7 howler monkeys
  2 hounds
  Crazy Yiuf (D:5)
  2 jellies
  40 orc priests
  3 sleepcaps
  A gnoll bouda (D:9)
  A boggart zombie (Crypt:3)
  6 iguanas
  37 orc wizards
  Ijyb (D:4)
  11 hell rats
  2 polar bear simulacra
  3 spriggan simulacra
  2 troll simulacra (Orc:1)
  A wolf simulacrum (IceCv)
  A tengu zombie (Crypt:2)
  9 mummies
  10 gnolls
  5 adders
  A shadow imp (D:6)
  4 white imps
  2 ufetubi
  4 worms
  3 dart slugs
  99 orcs
  3 ball pythons
  9 bats
  7 endoplasms
  5 giant cockroaches
  11 goblins
  11 hobgoblins
  6 jackals
  4 quokkas
  A dart slug zombie (Crypt:3)
  2 frilled lizards
  27 kobolds
  2 rats
  8 briar patches
  2 creeping infernos
  27 fire vortices
  4 lurking horrors (Abyss:5)
  3 starspawn tentacles
2881 creatures vanquished.

Vanquished Creatures (collateral kills)
  A draconian annihilator (Zig:10)
  2 draconian stormcallers (Zig:10)
  A yellow draconian (Zig:10)
  A purple draconian (Zig:10)
  2 white draconians (Zig:10)
  A red draconian (Zig:10)
  A fire bat (Abyss:4)
  An orc wizard (Orc:1)
  An orc (Orc:1)
11 creatures vanquished.

Vanquished Creatures (others)
  A fire giant (Geh:2)
  A wendigo (Hell)
  2 merfolk impalers (Zig:11)
  A spriggan zombie (Hell)
  An ice dragon (Abyss:4)
  A shock serpent (Snake:3)
  A deep elf knight (Elf:1)
  A salamander mystic (Snake:4)
  2 spriggan simulacra (Hell)
  A flayed ghost (Abyss:5)
  A black mamba (Snake:4)
  An unseen horror (D:10)
  A tormentor (Geh:4)
  An anaconda simulacrum (Abyss:4)
  A bloated husk (Swamp:1)
  A raiju (Abyss:4)
  A flying skull (Abyss:4)
  A centaur simulacrum (D:11)
  A yak (Zig:13)
  A dire elephant simulacrum (Hell)
  A fire bat (Abyss:4)
  A small abomination (Abyss:4)
  A creeping inferno (Geh:4)
  14 demonic plants (Gauntlet)
  6 foxfires
  13 fungi
  2 lurking horrors
  45 plants
  10 starspawn tentacles
115 creatures vanquished.

Grand Total: 3007 creatures vanquished

Notes
Turn   | Place    | Note
-------+----------+-------------------------------------------
     0 | D:1      | SingularityParadox the Armataur Fighter began the quest for
                  | the Orb.
     0 | D:1      | Reached XP level 1. HP: 19/19 MP: 1/1
    72 | D:1      | Reached XP level 2. HP: 25/26 MP: 2/2
   232 | D:1      | Found a faded altar of an unknown god.
   486 | D:1      | Reached XP level 3. HP: 33/33 MP: 3/3
  1090 | D:2      | Identified the +3 hand axe "Jatriuva" {flame, Will++}
  1295 | D:2      | Reached XP level 4. HP: 40/40 MP: 4/4
  2181 | D:3      | Reached XP level 5. HP: 44/48 MP: 5/5
  2208 | D:3      | Found a shadowy altar of Dithmenos.
  2648 | D:4      | You are sucked into a shaft and drop 1 floor!
  2648 | D:5      | Entered Level 5 of the Dungeon
  2650 | D:5      | Found a staircase to the Ecumenical Temple.
  2650 | D:5      | Noticed a water moccasin
  2662 | D:5      | Killed a water moccasin
  2663 | D:5      | Reached skill level 1 in Axes
  2695 | D:5      | Reached skill level 5 in Armour
  2695 | D:5      | Reached skill level 4 in Shields
  2695 | D:5      | Reached XP level 6. HP: 31/55 MP: 6/6
  2712 | Temple   | Entered the Ecumenical Temple
  3000 | Temple   | Became a worshipper of Qazlal Stormbringer
  3047 | D:5      | Reached skill level 1 in Dodging
  3093 | D:4      | Noticed Ijyb
  3258 | D:4      | HP: 2/56 [ogre/+0 giant club (29)]
  3448 | D:4      | Reached XP level 7. HP: 26/64 MP: 7/7
  3778 | D:4      | Noticed Edmund
  3799 | D:4      | Killed Edmund
  3799 | D:4      | Reached * piety under Qazlal
  3800 | D:4      | Reached skill level 5 in Fighting
  3800 | D:4      | Reached skill level 1 in Invocations
  3809 | D:4      | Noticed Pikel
  3819 | D:4      | Killed Pikel
  3820 | D:4      | Reached XP level 8. HP: 42/72 MP: 7/9
  3865 | D:4      | Noticed Sigmund
  3876 | D:4      | Killed Sigmund
  4187 | D:4      | Noticed Grinder
  4199 | D:4      | Killed Grinder
  4282 | D:4      | Found a hide-covered altar of Uskayaw.
  4287 | D:4      | Found an ancient bone altar of Kikubaaqudgha.
  4288 | D:4      | Found an iron altar of Okawaru.
  4288 | D:4      | Found a glowing silver altar of Zin.
  4290 | D:4      | Found a shimmering altar of Xom.
  4348 | D:4      | Killed Ijyb
  4713 | D:5      | Reached skill level 5 in Axes
  4713 | D:5      | Reached XP level 9. HP: 77/80 MP: 11/11
  5169 | D:5      | Noticed Eustachio
  5191 | D:5      | Killed Eustachio
  5497 | D:5      | Found a runed translucent door.
  5498 | D:5      | Noticed Crazy Yiuf
  5592 | D:5      | Killed Crazy Yiuf
  6015 | D:6      | Noticed a gargoyle
  6029 | D:6      | Killed a gargoyle
  6030 | D:6      | Reached skill level 5 in Shields
  6073 | D:6      | Reached ** piety under Qazlal
  6111 | D:6      | Found a snail-covered altar of Cheibriados.
  6595 | D:7      | Found a sparkling altar of Nemelex Xobeh.
  7107 | D:7      | Reached XP level 10. HP: 78/83 MP: 13/13
  7669 | D:7      | Found a glowing golden altar of the Shining One.
  7790 | D:8      | Found Daisumet's One-of-a-Kind Rings.
  7832 | D:8      | Noticed a cyclops
  7851 | D:8      | Killed a cyclops
  8137 | D:8      | Reached *** piety under Qazlal
  8155 | D:8      | Reached skill level 1 in Stealth
  8194 | D:8      | Reached skill level 5 in Invocations
  8351 | D:8      | Found a runed translucent door.
  8351 | D:8      | Found a shimmering altar of Xom.
  8351 | D:8      | Noticed jcs112's ghost (novice HOFi)
  8351 | D:8      | Noticed a +0 dagger of chaos
  8713 | D:9      | Found a flagged portal.
  8722 | Bailey   | Entered a bailey
  8727 | Bailey   | Noticed an orc warlord
  8783 | Bailey   | Noticed an orc knight
  8798 | Bailey   | Killed an orc knight
  8799 | Bailey   | Reached skill level 6 in Shields
  9004 | Bailey   | Found a runed translucent gate.
  9007 | Bailey   | Found a runed translucent gate.
  9009 | Bailey   | Found a runed translucent gate.
  9162 | Bailey   | Killed an orc warlord
  9362 | Bailey   | Got Capp's Anthology of the Liminal Body
  9374 | Bailey   | Acquired the +0 barding of Valour {Harm +Inv rElec Regen+}
  9423 | D:9      | Identified the +1 helmet of a volcano {Will+}
  9632 | D:9      | Noticed a two-headed ogre
  9647 | D:9      | Killed a two-headed ogre
  9648 | D:9      | Reached XP level 11. HP: 41/99 MP: 15/15
 10161 | D:10     | Entered Level 10 of the Dungeon
 10179 | D:10     | Noticed a two-headed ogre
 10187 | D:10     | Killed a two-headed ogre
 10220 | D:10     | Found an opulent altar of Gozag.
 10272 | D:10     | Found a portal to a secret trove of treasure.
 10432 | D:10     | Found an ornate altar of the Wu Jian Council.
 10475 | D:10     | Reached skill level 7 in Shields
 10747 | D:11     | Found a staircase to the Lair.
 11027 | D:11     | Noticed a two-headed ogre
 11028 | D:11     | Noticed a boulder beetle
 11040 | D:11     | Killed a two-headed ogre
 11080 | D:11     | Killed a boulder beetle
 11081 | D:11     | Reached skill level 5 in Dodging
 11156 | D:11     | Noticed a death knight
 11156 | D:11     | Noticed a five-headed hydra
 11156 | D:11     | Noticed a white ugly thing
 11159 | D:11     | Noticed a boulder beetle
 11159 | D:11     | Noticed a brown ugly thing
 11179 | D:11     | Killed a cyan ugly thing
 11183 | D:11     | Killed a brown ugly thing
 11241 | D:11     | Killed a boulder beetle
 11249 | D:11     | Found a runed translucent door.
 11249 | D:11     | Found a runed translucent door.
 11269 | D:11     | Noticed a skeletal warrior
 11287 | D:11     | Killed a skeletal warrior
 11297 | D:11     | Noticed a tengu warrior
 11297 | D:11     | Noticed an orc knight
 11376 | D:11     | Killed a tengu warrior
 11424 | D:11     | Noticed a centaur warrior
 11436 | D:11     | Killed a centaur warrior
 11437 | D:11     | Reached skill level 8 in Shields
 11515 | D:11     | Reached skill level 10 in Armour
 11515 | D:11     | Reached XP level 12. HP: 110/110 MP: 17/17
 11542 | D:11     | Noticed a boulder beetle
 11576 | D:11     | Killed a boulder beetle
 11641 | D:11     | Noticed a boulder beetle
 11641 | D:11     | Noticed a boulder beetle
 11678 | D:11     | Killed a boulder beetle
 11715 | D:11     | Found a staircase to the Orcish Mines.
 11740 | D:11     | Killed a boulder beetle
 12053 | D:11     | Noticed a fire dragon
 12058 | D:11     | Noticed a centaur warrior
 12064 | D:11     | Killed a fire dragon
 12067 | D:11     | Killed a centaur warrior
 12079 | D:11     | Identified the +0 chain mail of the Shoals {rC+ rN+ Slay+2}
 12086 | D:11     | Reached skill level 9 in Shields
 12128 | D:11     | Got the Tome of Electric Curses
 12194 | Lair:1   | Entered Level 1 of the Lair of Beasts
 12281 | Lair:1   | Noticed Sonja
 12287 | Lair:1   | Killed Sonja
 12412 | Lair:1   | Reached **** piety under Qazlal
 12989 | Lair:2   | Noticed Urug
 13002 | Lair:2   | Killed Urug
 13189 | Lair:2   | Found a runed translucent gate.
 13189 | Lair:2   | Found a runed translucent gate.
 13190 | Lair:2   | Found a runed translucent gate.
 13530 | Lair:2   | Found a staircase to the Snake Pit.
 13762 | Lair:2   | Found a staircase to the Swamp.
 13800 | Lair:2   | Noticed voltaire321's ghost (journeyman GrEE)
 13881 | Lair:3   | Reached XP level 13. HP: 115/118 MP: 19/19
 13911 | Lair:3   | Reached skill level 10 in Shields
 14663 | Lair:4   | Noticed Kirke
 14678 | Lair:3   | Reached ***** piety under Qazlal
 14704 | Lair:3   | Killed Kirke
 14738 | Lair:4   | Reached skill level 11 in Shields
 14835 | Lair:3   | Reached skill level 10 in Axes
 15078 | Lair:4   | Noticed Josephine
 15091 | Lair:4   | Killed Josephine
 15098 | Lair:4   | Reached XP level 14. HP: 127/127 MP: 21/21
 15107 | Lair:4   | Reached skill level 10 in Fighting
 15515 | Lair:5   | Entered Level 5 of the Lair of Beasts
 15540 | Lair:5   | Reached skill level 12 in Shields
 15647 | Lair:5   | Identified the +0 cloak of the Untouchables {Dex+7 SInv}
 15680 | Lair:5   | Paralysed by a floating eye for 3 turns
 15745 | Lair:5   | Reached ****** piety under Qazlal
 15761 | Lair:5   | Found a runed translucent door.
 16028 | Lair:5   | Reached skill level 10 in Invocations
 16163 | Lair:5   | Identified the +8 trident of Doom {heavy, rPois}
 16170 | Lair:5   | Identified the +6 short sword "Ylamyele" {elec, rPois rF+
                  | rCorr}
 16233 | Lair:5   | Found a staircase to the Slime Pits.
 16233 | Lair:5   | Found a viscous altar of Jiyva.
 16425 | Lair:5   | Reached skill level 13 in Shields
 16623 | Lair:5   | Noticed Newt's ghost (journeyman DsGl)
 16644 | Lair:5   | Killed Newt's ghost
 16792 | Orc:1    | Entered Level 1 of the Orcish Mines
 16795 | Orc:1    | Noticed an orc warlord
 16807 | Orc:1    | Killed an orc warlord
 16970 | Orc:1    | Found a frozen archway.
 16987 | IceCv    | Entered an ice cave
 17407 | Orc:1    | Found Anifuri's Weapon Boutique.
 17535 | Orc:2    | Entered Level 2 of the Orcish Mines
 17543 | Orc:2    | Reached XP level 15. HP: 136/136 MP: 22/22
 17618 | Orc:2    | Found a staircase to the Elven Halls.
 17970 | Orc:2    | Found Maoddekk's Distillery.
 17970 | Orc:2    | Found Fagooc's Distillery.
 17971 | Orc:2    | Found Weteol's Distillery.
 17975 | Orc:2    | Found Qahan's Book Shop.
 17978 | Orc:2    | Bought a potion of heal wounds for 60 gold pieces
 17978 | Orc:2    | Bought a potion of might for 48 gold pieces
 17978 | Orc:2    | Bought a potion of might for 48 gold pieces
 17978 | Orc:2    | Bought a potion of mutation for 96 gold pieces
 18752 | D:12     | Found an ancient bone altar of Kikubaaqudgha.
 18771 | D:12     | Reached skill level 14 in Shields
 19150 | D:12     | Acquired the +10 hand axe of the Divine God {freeze, rC++}
 19151 | D:12     | Acquired the +8 war axe "Goblinslayer" {flame, Int+4}
 19594 | D:13     | Found a gate to the Vaults.
 19612 | D:13     | Found a gate leading to a gauntlet.
 19631 | Gauntlet | Entered a Gauntlet
 19631 | Gauntlet | Found a transporter.
 19631 | Gauntlet | Found a transporter.
 19632 | Gauntlet | Found a transporter.
 19647 | Gauntlet | Found a transporter.
 19647 | Gauntlet | Found a transporter.
 19669 | Gauntlet | Found a transporter.
 19669 | Gauntlet | Found a transporter.
 19693 | Gauntlet | Found a transporter.
 19706 | Gauntlet | Identified the ring of Starshine {rPois rC- rCorr Str-4
                  | Dex+4}
 19753 | Gauntlet | Found a transporter.
 19802 | Gauntlet | Identified the ring "Jomur" {rElec EV+5 Dex+5}
 19838 | Gauntlet | Acquired the +1 pair of gloves of Trial and Error {rN+++
                  | Will+ Int-4 Dex+5}
 19853 | Gauntlet | Got the Dissertation on Doom
 20115 | D:13     | Gained mutation: You are robust. (+10% HP) [potion of
                  | mutation]
 20115 | D:13     | Gained mutation: You are vulnerable to heat. (rF-) [potion
                  | of mutation]
 20115 | D:13     | Gained mutation: Your system is resistant to poisons.
                  | (rPois) [potion of mutation]
 20115 | D:13     | Lost mutation: You are robust. (+10% HP) [potion of
                  | mutation]
 20115 | D:13     | Gained mutation: Your spells are a little harder to cast,
                  | but a little more powerful. [potion of mutation]
 20116 | D:13     | Lost mutation: Your spells are a little harder to cast, but
                  | a little more powerful. [potion of mutation]
 20116 | D:13     | Lost mutation: You are vulnerable to heat. (rF-) [potion of
                  | mutation]
 20116 | D:13     | Lost mutation: Your system is resistant to poisons. (rPois)
                  | [potion of mutation]
 20116 | D:13     | Gained mutation: You are vulnerable to cold. (rC-) [potion
                  | of mutation]
 20116 | D:13     | Gained mutation: You sometimes lose your temper in combat.
                  | [potion of mutation]
 20116 | D:13     | Lost mutation: You sometimes lose your temper in combat.
                  | [potion of mutation]
 20116 | D:13     | Gained mutation: You have large cloven feet. [potion of
                  | mutation]
 20116 | D:13     | Gained mutation: You expend magic power (3 MP) to
                  | strengthen your wands. [potion of mutation]
 20117 | D:13     | Lost mutation: You have large cloven feet. [potion of
                  | mutation]
 20117 | D:13     | Lost mutation: You are vulnerable to cold. (rC-) [potion of
                  | mutation]
 20117 | D:13     | Lost mutation: You expend magic power (3 MP) to strengthen
                  | your wands. [potion of mutation]
 20117 | D:13     | Gained mutation: You are agile. (Dex +4, Str/Int -1)
                  | [potion of mutation]
 20117 | D:13     | Gained mutation: You are vulnerable to cold. (rC-) [potion
                  | of mutation]
 20117 | D:13     | Gained mutation: You have an increased reservoir of magic.
                  | (+10% MP) [potion of mutation]
 20117 | D:13     | Gained mutation: You are occasionally teleported next to
                  | monsters. [potion of mutation]
 20117 | D:13     | Gained mutation: You sometimes lose your temper in combat.
                  | [potion of mutation]
 20117 | D:13     | Gained mutation: You are weak. (Str -2) [potion of
                  | mutation]
 20117 | D:13     | Gained mutation: You passively dampen the noise of your
                  | surroundings. [potion of mutation]
 20118 | D:13     | Lost mutation: You are vulnerable to cold. (rC-) [potion of
                  | mutation]
 20118 | D:13     | Lost mutation: You have an increased reservoir of magic.
                  | (+10% MP) [potion of mutation]
 20118 | D:13     | Lost mutation: You are occasionally teleported next to
                  | monsters. [potion of mutation]
 20118 | D:13     | Lost mutation: You sometimes lose your temper in combat.
                  | [potion of mutation]
 20118 | D:13     | Lost mutation: You are weak. (Str -2) [potion of mutation]
 20118 | D:13     | Gained mutation: You expend magic power (3 MP) to
                  | strengthen your wands. [potion of mutation]
 20118 | D:13     | Gained mutation: Your system is resistant to poisons.
                  | (rPois) [potion of mutation]
 20118 | D:13     | Gained mutation: You have a pair of small horns on your
                  | head. [potion of mutation]
 20171 | D:13     | Noticed an emperor scorpion
 20178 | D:13     | Killed an emperor scorpion
 20345 | D:13     | Noticed Ideihu's ghost (journeyman DjFE)
 20346 | D:13     | Found a runed translucent gate.
 20346 | D:13     | Found a runed translucent gate.
 20346 | D:13     | Found a runed translucent gate.
 20351 | D:13     | Identified the +7 plate armour "Keumics" {Will+ Regen+
                  | Str-2 Int+3}
 20804 | D:13     | Killed Ideihu's ghost
 21281 | D:14     | Found a bloodstained altar of Trog.
 21551 | D:14     | Identified the ring "Zumnekha" {EV+5 Str+2 Dex+6}
 21850 | D:15     | Entered Level 15 of the Dungeon
 21987 | D:15     | Reached XP level 16. HP: 147/147 MP: 24/24
 22142 | D:15     | Identified the +8 dagger of Division {heavy, rN+ Will-
                  | Int+3}
 22315 | D:15     | Found a staircase to the Depths.
 22333 | D:15     | Reached skill level 15 in Shields
 22939 | D:15     | Acquired 787 gold pieces
 23142 | Snake:1  | Entered Level 1 of the Snake Pit
 23342 | Snake:1  | Noticed Donald
 23353 | Snake:1  | Killed Donald
 24236 | Snake:2  | Reached skill level 16 in Shields
 24891 | Snake:3  | Reached skill level 15 in Armour
 24912 | Snake:3  | Reached XP level 17. HP: 113/158 MP: 10/26
 25196 | Snake:3  | Found Ibbaisemm's Mayhem Merchandise.
 25204 | Snake:3  | Bought the +7 great mace "Firestarter" {flame, inner flame,
                  | rFlCloud rF++} for 996 gold pieces
 25204 | Snake:3  | Found the +7 great mace "Firestarter" {flame, inner flame,
                  | rFlCloud rF++}
 26015 | Snake:4  | Entered Level 4 of the Snake Pit
 26471 | Snake:4  | Reached skill level 17 in Shields
 26684 | Snake:4  | Got a serpentine rune of Zot
 27116 | Swamp:1  | Entered Level 1 of the Swamp
 27153 | Swamp:1  | Identified Roxanne's Volume of Reconstruction
 27153 | Swamp:1  | Noticed Roxanne
 27186 | Swamp:1  | Killed Roxanne
 27420 | Swamp:1  | Reached XP level 18. HP: 167/167 MP: 27/27
 28260 | Swamp:2  | Identified the amulet "Meyrr" {RegenMP Dex+4}
 28783 | Swamp:3  | Reached skill level 18 in Shields
 29216 | Swamp:4  | Entered Level 4 of the Swamp
 29270 | Swamp:4  | Noticed Mara
 29307 | Swamp:4  | Noticed SingularityParadox's illusion
 29356 | Swamp:4  | Noticed SingularityParadox's illusion
 29358 | Swamp:4  | Killed Mara
 29517 | Swamp:4  | Found a blossoming altar of Fedhas.
 29625 | Swamp:4  | Got a decaying rune of Zot
 29760 | Swamp:4  | Found a broken altar of Ashenzari.
 29786 | Swamp:4  | Reached skill level 19 in Shields
 29924 | Swamp:4  | Found a basalt altar of Yredelemnul.
 30309 | Elf:1    | Entered Level 1 of the Elven Halls
 30361 | Elf:1    | Found a crumbling gateway.
 30399 | Elf:1    | Reached XP level 19. HP: 178/178 MP: 28/28
 30419 | Elf:1    | Paralysed by an air elemental for 1 turns
 31209 | Elf:1    | Found Kyeppaw's Book Boutique.
 31210 | Elf:1    | Found Rybbeoru's Jewellery Emporium.
 31212 | Elf:1    | Found Xemuoquc's Book Boutique.
 31672 | Elf:2    | Found a runed translucent gate.
 31672 | Elf:2    | Found a runed translucent gate.
 31672 | Elf:2    | Found a runed translucent gate.
 32086 | Elf:2    | Reached skill level 20 in Shields
 32301 | Elf:3    | Entered Level 3 of the Elven Halls
 32508 | Elf:3    | Reached skill level 15 in Fighting
 33173 | Elf:3    | Reached XP level 20. HP: 188/190 MP: 9/30
 33244 | Abyss:2  | Cast into level 2 of the Abyss (a deep elf sorcerer)
 33622 | Abyss:3  | Paralysed by accursed screaming for 1 turns
 33626 | Abyss:3  | Paralysed by accursed screaming for 1 turns
 33634 | Abyss:3  | Paralysed by accursed screaming for 1 turns
 33636 | Elf:3    | Escaped the Abyss
 33645 | Elf:3    | Reached skill level 21 in Shields
 33836 | Elf:3    | Found the +5 glaive of the Guard {elec, spectral, AC+5}
 33884 | Elf:3    | Identified the +10 rapier "Giantslayer" {heavy, +Blink
                  | Str+3 Int-2}
 33905 | Elf:3    | Got the Octavo of the Atmosphere and Wounds
 33908 | Elf:3    | Identified the +1 pair of boots of Impatience {MP-9 Dex+2
                  | Stlth+}
 33915 | Elf:3    | Got the Lectures on Imprecation
 34190 | Vaults:1 | Entered Level 1 of the Vaults
 34539 | Vaults:1 | Reached skill level 15 in Axes
 34702 | Vaults:1 | Paralysed by a great orb of eyes for 2 turns
 34734 | Vaults:1 | Found Egiur's General Store.
 35555 | Vaults:2 | Reached skill level 22 in Shields
 35559 | Vaults:2 | Reached XP level 21. HP: 188/201 MP: 31/31
 36031 | Vaults:2 | Found a staircase to the Crypt.
 37666 | Vaults:3 | Identified the +0 robe of Beloved Amelioration {Will+ MP+9
                  | Int+2 Dex-2}
 38135 | Vaults:4 | Noticed Sojobo
 38150 | Vaults:4 | Killed Sojobo
 38246 | Vaults:4 | Reached skill level 23 in Shields
 38413 | Vaults:4 | Noticed Mennas
 38460 | Vaults:4 | Killed Mennas
 38515 | Vaults:4 | Found Koseosk's Armour Shop.
 38537 | Vaults:4 | Got Tymu's Discursus on the Calescent Cumulonimbus
 38626 | Vaults:4 | Noticed a golden dragon
 38641 | Vaults:4 | Killed a golden dragon
 39015 | Vaults:5 | Entered Level 5 of the Vaults
 39017 | Vaults:5 | Reached XP level 22. HP: 211/214 MP: 23/32
 39212 | Vaults:5 | Identified the +5 flail "Uheppot" {speed, Will+ Int+2
                  | Dex+3}
 39305 | Vaults:5 | Identified the staff of fire "Cigooshi" {Fly rElec rF+}
 39440 | Vaults:5 | Noticed an ancient lich
 39461 | Vaults:5 | Killed an ancient lich
 39512 | Vaults:5 | Identified the +6 swamp dragon scales of Lachrymose
                  | Creativity {rPois rF+ Will+ Dex-5}
 39519 | Vaults:5 | Got Pidu's Grimoire of the Intoxicating Arsonist
 39530 | Vaults:5 | Identified the +2 flail "Ijeipahi" {vamp, Str+2}
 39610 | Vaults:5 | Noticed a golden dragon
 39626 | Vaults:5 | Killed a golden dragon
 39814 | Vaults:5 | Found the +3 pair of gauntlets of War {Slay+5}
 40013 | Vaults:5 | Identified the +4 morningstar of Uneacesh {antimagic, *Rage
                  | rF+ rN++ rCorr}
 40035 | Vaults:5 | Reached skill level 24 in Shields
 40070 | Vaults:5 | Got a silver rune of Zot
 40200 | Vaults:5 | Noticed an ancient lich
 40223 | Vaults:5 | Killed an ancient lich
 40359 | Vaults:5 | Identified the ring "Plog" {rPois rF+}
 40914 | Depths:1 | Entered Level 1 of the Depths
 40914 | Depths:1 | Found a gateway to Hell.
 41126 | Depths:1 | Reached XP level 23. HP: 223/223 MP: 24/33
 41233 | Depths:1 | Found a stormy altar of Qazlal.
 41407 | Depths:1 | Found a one-way gate to the infinite horrors of the Abyss.
 41407 | Depths:1 | Noticed Louise
 41423 | Depths:1 | Killed Louise
 41540 | Depths:1 | Found a one-way gate leading to the halls of Pandemonium.
 41541 | Depths:1 | Gained mutation: Your body sometimes deteriorates upon
                  | taking damage. [a neqoxec]
 41557 | Depths:1 | Gained mutation: You are robust. (+10% HP) [a neqoxec]
 41874 | Depths:2 | Found an iron altar of Okawaru.
 42680 | Depths:2 | Gained mutation: You do not regenerate when monsters are
                  | visible. [a shining eye]
 42709 | Depths:2 | Reached skill level 25 in Shields
 42799 | Depths:2 | Found a one-way gateway to a ziggurat.
 43123 | Depths:2 | Identified the +4 scimitar of Biusoi Wuisa {drain, Will+
                  | Stlth+}
 43294 | Depths:2 | Identified the staff of poison "Qougal" {+Blink rElec rPois
                  | SInv}
 43517 | Depths:3 | Found a transporter.
 43522 | Depths:3 | Found a transporter.
 43523 | Depths:3 | Found a corrupted altar of Lugonu.
 43599 | Depths:3 | Found a sacrificial altar of Ru.
 43672 | Depths:3 | Reached skill level 10 in Dodging
 44312 | Depths:3 | Reached XP level 24. HP: 252/258 MP: 33/33
 44465 | Depths:4 | Entered Level 4 of the Depths
 44702 | Depths:4 | Found a sparkling altar of Nemelex Xobeh.
 45120 | Depths:4 | Found a gate to the Realm of Zot.
 45416 | Depths:4 | Found a hide-covered altar of Uskayaw.
 45649 | Depths:3 | Identified the +1 quarterstaff of Ahar {speed, rPois rF-
                  | Int+5 SInv}
 45705 | Zig:1    | Entered Level 1 of a ziggurat
 45710 | Zig:1    | Identified the ring of Juymaitt {Ice Int+7}
 45727 | Zig:2    | Entered Level 2 of a ziggurat
 45763 | Zig:3    | Entered Level 3 of a ziggurat
 45787 | Zig:4    | Entered Level 4 of a ziggurat
 45788 | Zig:4    | Noticed a shard shrike
 45789 | Zig:4    | Found the amulet of the Four Winds {rN+ Will+++ Clar}
 45794 | Zig:4    | Killed a shard shrike
 45927 | Zig:5    | Entered Level 5 of a ziggurat
 45951 | Zig:6    | Entered Level 6 of a ziggurat
 46058 | Zig:7    | Entered Level 7 of a ziggurat
 46064 | Zig:7    | Noticed an ancient lich
 46064 | Zig:7    | Found the +8 demon trident "Rift" {distort, reach+}
 46073 | Zig:7    | Killed an ancient lich
 46088 | Zig:7    | Identified the +9 war axe "Egur" {heavy, rElec Dex+2}
 46102 | Zig:7    | Identified the +8 sling of Matixitz {flame, rPois Str-5
                  | Dex+6}
 46105 | Zig:7    | Identified the staff of air "Qyruyrgha" {rElec rF- Str+4}
 46108 | Zig:8    | Entered Level 8 of a ziggurat
 46175 | Zig:9    | Entered Level 9 of a ziggurat
 46188 | Zig:9    | Reached skill level 26 in Shields
 46212 | Zig:9    | Identified the ring of Udiyliji {Fly rN+ Dex+3}
 46233 | Zig:10   | Entered Level 10 of a ziggurat
 46297 | Zig:10   | Identified the ring "Lufeut" {rC+ Str+2 SInv}
 46311 | Zig:11   | Entered Level 11 of a ziggurat
 46327 | Zig:11   | Reached skill level 15 in Invocations
 46395 | Zig:11   | Identified the +5 shortbow of the Pyrrhic Victory {flame,
                  | Str+4}
 46399 | Zig:12   | Entered Level 12 of a ziggurat
 46413 | Zig:12   | Reached skill level 5 in Stealth
 46415 | Zig:12   | Reached XP level 25. HP: 270/270 MP: 26/34
 46422 | Zig:12   | Identified the amulet of Wuuczup {Reflect rC+ Regen+ Str+3
                  | SH+5}
 46462 | Zig:13   | Entered Level 13 of a ziggurat
 46510 | Zig:13   | Identified the +4 ring mail of Good Intentions {Rampage
                  | rN+}
 46515 | Zig:13   | Identified the +6 long sword "Mozyirch" {vamp, rElec Will+}
 46520 | Zig:13   | Identified the +0 robe "Huafra" {rF- rC++ Regen+ Str-2}
 46524 | Zig:14   | Entered Level 14 of a ziggurat
 46552 | Zig:14   | Found the amulet of the Air {Inacc Air Fly rElec RMsl}
 46553 | Zig:14   | Found the +9 staff of Wucad Mu {*channel}
 46573 | Depths:2 | Reached XP level 26. HP: 80/279 MP: 34/34
 46573 | Depths:2 | Reached XP level 27. HP: 82/287 MP: 34/34
 46906 | Slime:1  | Entered Level 1 of the Pits of Slime
 48427 | Slime:4  | Lost mutation: You are robust. (+10% HP) [a shining eye]
 48660 | Slime:5  | Entered Level 5 of the Pits of Slime
 48751 | Slime:5  | Noticed the Royal Jelly
 48755 | Slime:5  | Killed the Royal Jelly
 48930 | Slime:5  | Identified the staff of fire "Zuppupn" {rF+ rN+ SInv}
 48933 | Slime:5  | Identified the +6 hand axe "Mykhlej" {venom, Will+ Int+2}
 48951 | Slime:5  | Gained mutation: You are frail. (-10% HP) [a shining eye]
 48954 | Slime:5  | Gained mutation: You are weak. (Str -2) [a shining eye]
 48957 | Slime:5  | Gained mutation: You are very frail. (-20% HP) [a shining
                  | eye]
 48958 | Slime:5  | Gained mutation: You possess an exceptional clarity of
                  | mind. [a shining eye]
 48978 | Slime:5  | Identified the staff of cold "Hyetira" {rC+ Will+ Dex+3}
 48992 | Slime:5  | Identified the +8 battleaxe of Bloody Death {flame, Str+6}
 49002 | Slime:5  | Identified the ring of the Eagle {Fire rPois Int+2 Dex-3}
 49009 | Slime:5  | Identified the staff of earth "Goameps" {rElec rN++ Will-}
 49022 | Slime:5  | Identified the +3 leather armour of Lidwi {rF++ rN++ Str-2}
 49062 | Slime:5  | Identified the ring "Itozanli" {rElec Dex+6 Slay+2}
 49065 | Slime:5  | Got a slimy rune of Zot
 49704 | Crypt:1  | Entered Level 1 of the Crypt
 49764 | Crypt:1  | Reached skill level 27 in Shields
 50832 | Crypt:2  | Identified the +3 rapier of Dominance {flame, Will+ Dex+5}
 51061 | Crypt:3  | Entered Level 3 of the Crypt
 51200 | Crypt:3  | Noticed Bai Suzhen
 51210 | Crypt:3  | Killed Bai Suzhen
 51552 | Crypt:3  | Got the Almanac of Big Damage
 51616 | Crypt:3  | Found a staircase to the Tomb.
 52013 | Crypt:3  | Noticed a dread lich
 52016 | Crypt:3  | Killed a dread lich
 52308 | Tomb:1   | Entered Level 1 of the Tomb of the Ancients
 52374 | Tomb:1   | Noticed Boris
 52382 | Tomb:1   | Killed Boris
 52770 | Tomb:1   | Noticed a royal mummy
 52784 | Tomb:1   | Killed a royal mummy
 52784 | Tomb:1   | Noticed a royal mummy
 53227 | Depths:1 | Voluntarily entered the Abyss.
 53309 | Abyss:4  | Found a corrupted altar of Lugonu.
 53588 | Abyss:4  | Gained mutation: Your spells are a little easier to cast,
                  | but a little less powerful. [a neqoxec]
 53753 | Abyss:5  | Paralysed by accursed screaming for 1 turns
 53822 | Abyss:5  | Found a transporter.
 53974 | Abyss:5  | Found a transporter.
 53976 | Abyss:5  | Got an abyssal rune of Zot
 54016 | Abyss:5  | Found a transporter.
 54033 | Abyss:5  | Noticed an ancient lich
 54041 | Abyss:5  | Killed an ancient lich
 54045 | Abyss:5  | Found a transporter.
 54079 | Abyss:5  | Lost intelligence.
 54168 | Abyss:5  | Found a corrupted altar of Lugonu.
 54185 | Depths:1 | Escaped the Abyss
 54288 | Hell     | Entered the Vestibule of Hell
 54288 | Hell     | Noticed Geryon
 54391 | Hell     | Killed Geryon
 54529 | Hell     | Found a gateway to the ashen valley of Gehenna.
 54615 | Hell     | Found a gateway to the freezing wastes of Cocytus.
 54784 | Hell     | Found a gateway to the decaying netherworld of Tartarus.
 54880 | Hell     | Found a gateway to the Iron City of Dis.
 55001 | Geh:1    | Entered Level 1 of Gehenna
 55280 | Swamp:1  | Lost mutation: Your body sometimes deteriorates upon taking
                  | damage. [potion of mutation]
 55280 | Swamp:1  | Lost mutation: You expend magic power (3 MP) to strengthen
                  | your wands. [potion of mutation]
 55280 | Swamp:1  | Lost mutation: You possess an exceptional clarity of mind.
                  | [potion of mutation]
 55280 | Swamp:1  | Lost mutation: You are agile. (Dex +4, Str/Int -1) [potion
                  | of mutation]
 55280 | Swamp:1  | Lost mutation: Your spells are a little easier to cast, but
                  | a little less powerful. [potion of mutation]
 55280 | Swamp:1  | Lost mutation: You have a pair of small horns on your head.
                  | [potion of mutation]
 55280 | Swamp:1  | Lost mutation: You passively dampen the noise of your
                  | surroundings. [potion of mutation]
 55280 | Swamp:1  | Gained mutation: You possess an exceptional clarity of
                  | mind. [potion of mutation]
 55281 | Swamp:1  | Lost mutation: You do not regenerate when monsters are
                  | visible. [potion of mutation]
 55281 | Swamp:1  | Lost mutation: You are weak. (Str -2) [potion of mutation]
 55281 | Swamp:1  | Lost mutation: Your system is resistant to poisons. (rPois)
                  | [potion of mutation]
 55281 | Swamp:1  | Lost mutation: You possess an exceptional clarity of mind.
                  | [potion of mutation]
 55281 | Swamp:1  | Gained mutation: You passively dampen the noise of your
                  | surroundings. [potion of mutation]
 55281 | Swamp:1  | Gained mutation: Your body sometimes deteriorates upon
                  | taking damage. [potion of mutation]
 55281 | Swamp:1  | Gained mutation: You are strong-willed. (Will+) [potion of
                  | mutation]
 55560 | Elf:3    | Lost mutation: You passively dampen the noise of your
                  | surroundings. [potion of mutation]
 55560 | Elf:3    | Lost mutation: Your body sometimes deteriorates upon taking
                  | damage. [potion of mutation]
 55560 | Elf:3    | Lost mutation: You are very frail. (-20% HP) [potion of
                  | mutation]
 55560 | Elf:3    | Lost mutation: You are strong-willed. (Will+) [potion of
                  | mutation]
 55560 | Elf:3    | Lost mutation: You are frail. (-10% HP) [potion of
                  | mutation]
 55560 | Elf:3    | Gained mutation: Your spells are a little easier to cast,
                  | but a little less powerful. [potion of mutation]
 55560 | Elf:3    | Gained mutation: You are weak. (Str -2) [potion of
                  | mutation]
 55560 | Elf:3    | Gained mutation: You sometimes lose your temper in combat.
                  | [potion of mutation]
 55560 | Elf:3    | Gained mutation: You expend magic power (3 MP) to
                  | strengthen your wands. [potion of mutation]
 55560 | Elf:3    | Gained mutation: Your mind is acute. (Int +4, Str/Dex -1)
                  | [potion of mutation]
 55560 | Elf:3    | Gained mutation: You have a pair of small horns on your
                  | head. [potion of mutation]
 55896 | Depths:2 | Lost mutation: You sometimes lose your temper in combat.
                  | [potion of mutation]
 55896 | Depths:2 | Lost mutation: You are weak. (Str -2) [potion of mutation]
 55896 | Depths:2 | Lost mutation: Your mind is acute. (Int +4, Str/Dex -1)
                  | [potion of mutation]
 55896 | Depths:2 | Lost mutation: Your spells are a little easier to cast, but
                  | a little less powerful. [potion of mutation]
 55896 | Depths:2 | Lost mutation: You have a pair of small horns on your head.
                  | [potion of mutation]
 55896 | Depths:2 | Lost mutation: You expend magic power (3 MP) to strengthen
                  | your wands. [potion of mutation]
 55896 | Depths:2 | Gained mutation: Your body sometimes deteriorates upon
                  | taking damage. [potion of mutation]
 55896 | Depths:2 | Gained mutation: You are partially covered in iridescent
                  | scales. (AC +2) [potion of mutation]
 55896 | Depths:2 | Lost mutation: Your body sometimes deteriorates upon taking
                  | damage. [potion of mutation]
 55896 | Depths:2 | Gained mutation: Your magical capacity is low. (-10% MP)
                  | [potion of mutation]
 55896 | Depths:2 | Gained mutation: Your body sometimes deteriorates upon
                  | taking damage. [potion of mutation]
 55896 | Depths:2 | Gained mutation: You are very vulnerable to cold. (rC--)
                  | [potion of mutation]
 55896 | Depths:2 | Gained mutation: Your muscles are strong. (Str +4, Int/Dex
                  | -1) [potion of mutation]
 55985 | Depths:3 | Lost mutation: You are partially covered in iridescent
                  | scales. (AC +2) [potion of mutation]
 55985 | Depths:3 | Lost mutation: Your magical capacity is low. (-10% MP)
                  | [potion of mutation]
 55985 | Depths:3 | Lost mutation: Your muscles are strong. (Str +4, Int/Dex
                  | -1) [potion of mutation]
 55985 | Depths:3 | Lost mutation: You are very vulnerable to cold. (rC--)
                  | [potion of mutation]
 55985 | Depths:3 | Gained mutation: You occasionally shout uncontrollably at
                  | your foes. [potion of mutation]
 55985 | Depths:3 | Gained mutation: You are partially covered in iridescent
                  | scales. (AC +2) [potion of mutation]
 55985 | Depths:3 | Gained mutation: Your spells are a little harder to cast,
                  | but a little more powerful. [potion of mutation]
 55985 | Depths:3 | Gained mutation: Your mind is acute. (Int +4, Str/Dex -1)
                  | [potion of mutation]
 57909 | Tar:1    | Entered Level 1 of Tartarus
 58836 | Geh:6    | Killed from afar by a hellion

Illustrated notes

Levels and vault maps discovered:
D:1:      psy_arrival_fountain, layout_loops_ring,
          chequers_ecumenical_altar_simple_redux, minivault_27
D:2:      layout_basic, serial_aquarium, aquarium_bridge_square
          [aquarium_subvault_wall, aquarium_subvault_window,
          aquarium_subvault_bridge, aquarium_subvault_bridge],
          aquarium_window_1, aquarium_window_1, aquarium_window_2,
          aquarium_view_2e, aquarium_balcony_3a, chequers_serial_rivers_large_a
D:3:      layout_loops_ring, nicolae_dithmenos_the_darkroom
D:4:      layout_cave_pools, minitemple, kennysheep_orc_chapel, uniq_grinder,
          uniq_edmund, uniq_sigmund, uniq_pikel, uniq_ijyb
D:5:      layout_loops_ring, minmay_temple_entry_mist, uniq_eustachio,
          uniq_crazy_yiuf_cottage
D:6:      layout_gridville, slow_altar_1
D:7:      nicolae_cairo_tiling, layout_basic, tso_altar,
          overflow_temple_1_default, nicolae_hexahallways
D:8:      layout_basic, ebering_ghost_xom, serial_bayou_pond_d,
          nicolae_shop_unique_rings
D:9:      layout_gridville, enter_bailey_3
D:10:     layout_roguey, pdpol_wu_jian_five_deadly_venoms,
          nicolae_gozag_cash_rules_everything_around_me,
          nicolae_trove_entry_path_of_doom, nicolae_twisting_strands
D:11:     minmay_the_grid_triangle_9x9_line_8_mashed
          [minmay_the_grid_triangle_9x9_from_above,
          minmay_the_grid_triangle_9x9_flanged_cone,
          minmay_the_grid_triangle_9x9_impossible_snake,
          minmay_the_grid_triangle_9x9_zippers_horizontal,
          minmay_the_grid_triangle_9x9_zippers_vertical,
          minmay_the_grid_triangle_9x9_tough_junction,
          minmay_the_grid_triangle_9x9_cache,
          minmay_the_grid_triangle_9x9_prize_center], layout_basic,
          lair_entry_dummy, orc_0_dummy
D:12:     layout_stronghold, lemuel_zombie_altar_kikubaaqudgha, uniq_erolcha
D:13:     layout_loops_corners, david_vaults_3, gauntlet_entry_generic,
          biasface_ghost_orc_armoury, nrook_pool_corridor,
          kennysheep_generic_room_10
D:14:     layout_stronghold, bloody_trog, chequers_serial_rivers_room_a
D:15:     gammafunk_depths_entry_grave, layout_basic
Temple:   minmay_temple_curvy_loop
Lair:1:   layout_cave_pods, uniq_sonja
Lair:2:   layout_gridlike, nicolae_swamp_entry_splash_gauntlet,
          nicolae_snake_entry_squirm, ebering_ghost_rock_garden,
          grunt_megastairs_2, uniq_urug
Lair:3:   layout_chaotic_city, minivault_24, beast_lair_carwin_1
Lair:4:   layout_big_grid, st_stairs_9, eino_small_chamber_without_monster,
          kilobyte_rumbling_trees, grunt_megastairs_3, serial_bayou_shore_a,
          infiniplex_staircase_pool_2, lemuel_fruit_tree, uniq_josephine,
          uniq_kirke
Lair:5:   gammafunk_lair_ancient_temple, layout_regular_city,
          minmay_slime_entry_eyes, ebering_ghost_reflecting_pool
Swamp:1:  layout_basic_swamp, serial_swamp_ruin, evilmike_swamp_ruin_house_2,
          evilmike_swamp_ruin_house_1, evilmike_swamp_ruin_house_6, swamp_pool4,
          uniq_roxanne
Swamp:2:  layout_basic_swamp, hangedman_swamp_diagram, swamp_pool5,
          cheibrodos_swamp_minitomb, infiniplex_staircase_pool
Swamp:3:  layout_basic_swamp, evilmike_swamp_ruin_house_4, hangedman_swamp_grove
Swamp:4:  byrel_swamp_growth_death_and_undeath, layout_basic_swamp,
          nicolae_swamp_godswood, uniq_mara
Snake:1:  layout_basic, grunt_megastairs_4, uniq_donald
Snake:2:  layout_chambers, nicolae_snake_springs, grunt_megastairs_1
Snake:3:  nicolae_snake_nest, layout_chambers, grunt_ministairs_7,
          minmay_shop_mayhem, evilmike_ambush [evilmike_ambush_outer_basic,
          evilmike_ambush_inner_cross]
Snake:4:  snake_pit, layout_basic, nicolae_snake_single_loop
Slime:1:  cheibrodos_slime_lost_civilization_9, layout_caves
Slime:2:  layout_caves
Slime:3:  layout_caves, basic_altar
Slime:4:  layout_caves
Slime:5
Orc:1:    layout_caves, portal_ice_cave_entry_ice_simulacra, serial_shops,
          nicolae_shop_hallway_plus
Orc:2:    st_orc_mages, layout_caves, mines2_david
Elf:1:    eino_elf_arrival_sip, layout_loops_corners,
          portal_desolation_entry_nicolae_menacing_earthworks, minivault_28,
          evilmike_ambush [evilmike_ambush_outer_basic,
          evilmike_ambush_inner_cross], minmay_shop_grove
Elf:2:    nicolae_elf_blades_splatter_lattice
          [nicolae_blade_entry_sentries_behind_glass], layout_geoelf_diagonals
Elf:3:    minmay_elf_hall_four_x, layout_gridlike, wad_dig_loot
Vaults:1: st_cells, hangedman_vaults_unwind, v_misc_13, hangedman_vaults_slice,
          vaults_room_hallway, vaults_mumra_minichess_inversion,
          nicolae_vaults_network_star, hangedman_vaults_impose, v_misc_8,
          layout_vaults_omnicross, serial_shops, shop
Vaults:2: grunt_vaults_twisty, minmay_crypt_entry_simple_corners,
          ontoclasm_vaults_ring_small, ontoclasm_vaults_tryst,
          dpeg_vaults_waves, ontoclasm_vaults_eye, layout_vaults_quadrants
Vaults:3: hangedman_vaults_impose, vaults_dpeg_hooks, v_misc_28,
          hangedman_vaults_capsules, v_misc_19, v_misc_18,
          hangedman_vaults_cutoff, nicolae_vaults_mini_display_case,
          nicolae_vaults_specimen_jars, nicolae_vaults_alarming,
          layout_vaults_chaotic_city
Vaults:4: vaults_room_ringed_pool, dpeg_vaults_monster_row,
          dpeg_vaults_monster_box, v_misc_11, nicolae_vaults_puzzle_piece,
          hangedman_vaults_nails, vaults_mumra_lcd, vaults_dpeg_ring,
          st_squares, v_misc_12, layout_vaults_maze, uniq_sojobo, uniq_mennas
Vaults:5: serial_shops
Crypt:1:  layout_misc_corridors
Crypt:2:  layout_misc_corridors
Crypt:3:  due_elkab, layout_chaotic_city, uniq_bai_suzhen
Tomb:1:   uniq_boris
Depths:1: layout_small_grid, nicolae_abyss_entry_one_way_or_another, hell_entry,
          chequers_serial_rivers_small_3, grunt_pan_entry_sceptre,
          nicolae_water_bricks, nicolae_qazlal_style_of_elements
Depths:2: grunt_bent_corner, layout_gridlike, enter_ziggurat_c,
          lightli_too_deep, okawaru_trees_1, pan_entry
Depths:3: gammafunk_corrupted_shrine, layout_basic, rand_demon_pan_entry_5,
          lemuel_crystal_altar, hell_entry, abyss_entry,
          chequers_serial_rivers_large_b, firewood_loft,
          infiniplex_staircase_zigzag_5, uniq_josephina
Depths:4: grunt_zot_entry_alcove, layout_basic, nicolae_uskayaw_dance_hall,
          mu_enter_wizlab_5, grunt_hell_entry_dis_mu, abyss_entry,
          nemelex_spade_bored_becter
Hell
Geh:1:    layout_gehenna_pools_box
Geh:2:    layout_gehenna_lava_caves
Geh:3:    nicolae_hells_giants_party, layout_gehenna_pools_box
Geh:4:    layout_gehenna_lava_caves
Geh:5:    layout_gehenna_pools_triple
Geh:6:    layout_gehenna_pools_triple, nicolae_hells_hurtin_island
Tar:1:    hangedman_tartarus_temple_path, layout_cathedral_of_symmetry

Skill      XL: |  1  2  3  4  5  6  7  8  9 10 11 12 13 14 15 16 17 18 19 20 21 22 23 24 25 26 27 |
---------------+----------------------------------------------------------------------------------+-----
Armour         | 4 5 6 7 9 10 11 12 13 15 16 17 18 19 20 21 22 23 25 | 25.4
Fighting       | 3 4 5 6 7 8 9 10 11 12 13 14 15 16 17 18 19 20 23 | 23.7
Maces & Flails | 2 |  2.8
Axes           | 1 2 4 5 6 7 8 9 10 11 12 13 14 15 16 18 | 18.8
Shields        | 4 5 6 8 9 11 13 14 16 17 19 20 22 23 24 25 26 27 | 27.0
Dodging        | 1 2 3 4 5 6 7 8 10 11 14 | 14.5
Invocations    | 2 3 4 5 7 8 9 10 11 12 13 14 15 17 | 17.0
Stealth        | 1 2 3 5 6 |  6.3

Action                     |  1- 3 |  4- 6 |  7- 9 | 10-12 | 13-15 | 16-18 | 19-21 | 22-24 | 25-27 || total
---------------------------+-------+-------+-------+-------+-------+-------+-------+-------+-------++-------
  Melee: Flail             |    83 |       |       |       |       |       |       |       |       ||    83
         Tailslap          |     8 |     8 |    49 |   114 |   237 |   324 |   358 |   420 |   310 ||  1828
         Hand axe          |    11 |    99 |   342 |   654 |  1136 |  1310 |  1482 |  1430 |       ||  6464
         War axe           |       |       |       |       |    49 |       |       |    67 |  1304 ||  1420
         Headbutt          |       |       |       |       |    39 |   473 |   514 |   614 |   366 ||  2006
 Invoke: Upheaval          |       |       |       |     5 |     6 |     3 |     1 |     1 |     3 ||    19
         Disaster Area     |       |       |       |       |     3 |     9 |     9 |    17 |    19 ||    57
         Elemental Force   |       |       |       |       |     1 |       |       |     1 |       ||     2
  Evoke: Wand              |       |       |       |       |       |       |       |     1 |       ||     1
    Use: Scroll            |     6 |     7 |     5 |    12 |    14 |     9 |     6 |     2 |     8 ||    69
         Potion            |     1 |     1 |     4 |     8 |     7 |       |       |       |    27 ||    48
   Stab: Distracted        |       |       |       |     1 |       |     1 |       |     2 |     1 ||     5
         Invisible         |       |       |       |     4 |       |       |       |       |       ||     4
         Confused          |       |       |       |       |       |     2 |       |       |       ||     2
         Sleeping          |       |       |       |       |       |       |       |     1 |       ||     1
         Paralysed         |       |       |       |       |       |       |       |     4 |       ||     4
         Petrified         |       |       |       |       |       |       |       |       |     4 ||     4
         Petrifying        |       |       |       |       |       |       |       |       |     1 ||     1
 Armour: Scale mail        |    50 |     3 |       |       |       |       |       |       |       ||    53
         Chain mail        |       |    51 |   168 |   266 |   303 |   163 |   104 |    32 |       ||  1087
         Swamp dragon scal |       |       |       |       |       |       |       |   142 |   114 ||   256
         Gold dragon scale |       |       |       |       |       |       |       |       |    65 ||    65
  Dodge: Dodged            |    24 |    21 |    72 |    86 |   138 |   311 |   243 |   415 |   491 ||  1801
         Repelled          |       |       |       |     1 |     1 |    19 |    17 |    21 |    17 ||    76
  Block: Buckler           |    13 |    17 |    98 |   246 |       |       |       |       |       ||   374
         Reflection        |       |       |       |    23 |    39 |   176 |   121 |    41 |    20 ||   420
         Kite shield       |       |       |       |   227 |  1226 |  1375 |  1259 |  1588 |  1696 ||  7371

Table legend: (Time is in decaauts)
 A = Elapsed time spent in this place.
 B = Non-inter-level travel time spent in this place.
 C = Inter-level travel time spent in this place.
 D = Time resting spent in this place.
 E = Time spent auto-exploring this place.
 F = Levels seen in this place.
 G = Mean time per level.
                   A        B        C        D        E       F      G
               +--------+--------+--------+--------+--------+-----+--------+
         Total |  57356 |  51655 |   5701 |   3341 |  35015 |  82 |  699.5 |
       Dungeon |  16437 |  14915 |   1522 |   1480 |  10616 |  15 | 1095.8 |
        Temple |    312 |    294 |     18 |     64 |    184 |   1 |  312.0 |
          Lair |   5198 |   4327 |    871 |      0 |   3258 |   5 | 1039.6 |
         Swamp |   2906 |   2660 |    246 |     55 |   1792 |   4 |  726.5 |
     Snake Pit |   3756 |   3534 |    222 |      0 |   2911 |   4 |  939.0 |
    Slime Pits |   2614 |   2474 |    140 |     61 |   1669 |   5 |  522.8 |
  Orcish Mines |   1418 |   1225 |    193 |    154 |    715 |   2 |  709.0 |
   Elven Halls |   3397 |   3014 |    383 |     69 |   2243 |   3 | 1132.3 |
        Vaults |   6351 |   5760 |    591 |     66 |   4142 |   5 | 1270.2 |
         Crypt |   2756 |   2474 |    282 |      0 |   1673 |   3 |  918.7 |
          Tomb |    578 |    578 |      0 |     51 |    315 |   1 |  578.0 |
        Depths |   5166 |   4348 |    818 |     41 |   3116 |   4 | 1291.5 |
          Hell |   1288 |   1166 |    122 |    558 |    337 |   1 | 1288.0 |
       Gehenna |   1772 |   1483 |    289 |    134 |    898 |   6 |  295.3 |
      Tartarus |      1 |      1 |      0 |      0 |      0 |   1 |    1.0 |
         Abyss |   1322 |   1322 |      0 |    149 |    545 |   5 |  264.4 |
      Ziggurat |    838 |    838 |      0 |    165 |    114 |  14 |   59.9 |
        Bailey |    672 |    672 |      0 |    294 |    221 |   1 |  672.0 |
      Ice Cave |    341 |    341 |      0 |      0 |    177 |   1 |  341.0 |
      Gauntlet |    224 |    224 |      0 |      0 |     89 |   1 |  224.0 |
               +--------+--------+--------+--------+--------+-----+--------+

Top non-repeatable levels by time:
    D:11: 1800 daAuts
Depths:2: 1794 daAuts
Vaults:5: 1570 daAuts
  Lair:2: 1385 daAuts
Vaults:2: 1379 daAuts
   Elf:3: 1377 daAuts
Vaults:3: 1335 daAuts
     D:4: 1328 daAuts
 Crypt:3: 1293 daAuts
    Hell: 1288 daAuts
    D:12: 1233 daAuts
    D:14: 1227 daAuts
     D:5: 1222 daAuts
  Lair:5: 1207 daAuts
    D:15: 1179 daAuts
